AoeStats
← 17_Neo_

Arena

508543748Analyzed
3v3 RM · 9d ago on Sep 23, 2026· 53m 31s· 6 players
Game mode
Random Map
Map size
Normal (6 player)
Population
200
Speed
Normal
Resources
Standard
Victory
Conquest
Starting age
Dark Age
Ending age
Imperial Age
RankedLock teamsTeams togetherTeam positionsShared explorationLock speedFull tech treeHidden civsTurbo modeCheats
Victory
Defeat
🇦🇷 Spanish · Argentina
1292
+20
🇦🇷 Varangians · Argentina
1287
+20
🇦🇷 Turks · Argentina
1281
+20
🇨🇴 Goths · Colombia
1398
-21
🇨🇴 Teutons · Colombia
1386
-20
🇨🇴 Bohemians · Colombia
1355
-19
17_Neo_
10:41 Feudal Age
12:13 Wheelbarrow
11:28 Horse Collar
11:56 Double-Bit Axe
14:41 Castle Age
15:56 Bow Saw
22:29 Heavy Plow
27:51 Imperial Age
25:59 Hand Cart
26:57 Gold Mining
26:57 Stone Mining
26:54 Loom
26:55 Town Watch
27:11 Scale Mail Armor
27:22 Forging
28:11 Anarchy
28:57 Perfusion
28:23 Pikeman
29:03 Squires
29:20 Chain Mail Armor
29:41 Iron Casting
29:47 Conscription
30:11 Elite Huskarl
30:23 Halberdier
32:34 Blast Furnace
36:59 Fletching
37:10 Padded Archer Armor
37:31 Ballistics
37:47 Bodkin Arrow
37:16 Elite Skirmisher
39:22 Chemistry
39:21 Bracer
39:36 Leather Archer Armor
41:29 Ring Archer Armor
Logan
11:41 Feudal Age
13:34 Wheelbarrow
16:10 Castle Age
15:36 Double-Bit Axe
15:38 Horse Collar
22:21 Bow Saw
45:45 Loom
49:17 Imperial Age
48:09 Pikeman
49:46 Squires
49:51 Scale Mail Armor
50:01 Forging
49:52 Halberdier
51:02 Chain Mail Armor
RAGNAROK
12:12 Feudal Age
14:22 Wheelbarrow
17:11 Castle Age
15:24 Double-Bit Axe
15:21 Horse Collar
16:23 Bloodlines
16:20 Scale Barding Armor
23:39 Chain Barding Armor
26:21 Fortified Wall
32:54 Imperial Age
30:16 Loom
31:03 Forging
33:13 Cavalier
34:37 Gold Mining
35:00 Bow Saw
35:14 Capped Ram
36:00 Paladin
38:53 Plate Barding Armor
39:40 Hand Cart
39:30 Heavy Plow
41:11 Crop Rotation
44:38 Iron Casting
46:17 Conscription
47:45 Blast Furnace
AoG_Bronco
11:29 Feudal Age
12:42 Double-Bit Axe
12:38 Horse Collar
15:01 Castle Age
14:55 Scale Barding Armor
14:46 Gold Mining
19:57 Loom
23:04 Bloodlines
22:58 Husbandry
23:49 Wheelbarrow
24:14 Chain Barding Armor
24:58 Forging
28:41 Iron Casting
30:38 Hand Cart
30:57 Bow Saw
30:48 Heavy Plow
30:39 Stone Mining
31:13 Vendel Legacy
36:29 Loom
36:29 Town Watch
39:52 Imperial Age
37:11 Town Watch
40:03 Cavalier
41:20 Plate Barding Armor
41:25 Gothikon
42:25 Conscription
42:08 Scale Mail Armor
43:16 Blast Furnace
43:06 Squires
42:52 Gambesons
42:33 Elite Varangian Guard
44:56 Elite Jarl
46:19 Scale Mail Armor
46:38 Pikeman
47:07 Halberdier
51:46 Fletching
52:14 Chain Mail Armor
AoG_Lotsen
12:01 Feudal Age
15:49 Castle Age
14:27 Stone Mining
15:03 Gold Mining
15:00 Double-Bit Axe
14:56 Horse Collar
18:52 Bow Saw
20:45 Wheelbarrow
19:56 Loom
19:57 Town Watch
22:45 Fletching
32:14 Imperial Age
32:26 Hand Cart
32:11 Town Patrol
32:59 Forging
34:16 Heavy Plow
37:09 Chemistry
38:48 Elite Conquistador
40:28 Scale Barding Armor
40:59 Iron Casting
39:46 Cavalier
41:08 Husbandry
41:27 Bloodlines
43:47 Onager
46:56 Blast Furnace
45:56 Scale Mail Armor
45:19 Man-at-Arms
46:16 Long Swordsman
46:45 Gambesons
47:13 Two-Handed Swordsman
49:04 Squires
49:46 Masonry
50:18 Chain Mail Armor
50:26 Champion
AoG_Pipes
9:11 Feudal Age
14:20 Castle Age
12:57 Double-Bit Axe
12:57 Horse Collar
19:26 Wheelbarrow
20:31 Loom
20:31 Town Watch
29:24 Imperial Age
28:47 Padded Archer Armor
28:37 Fletching
31:15 Conscription
32:12 Elite Janissary
33:17 Elite Janissary
34:41 Leather Archer Armor
35:05 Murder Holes
35:22 Fortified Wall
38:18 Heavy Plow
38:39 Bow Saw
40:55 Hand Cart
40:42 Town Patrol
41:40 Scale Barding Armor
41:45 Forging
42:05 Artillery
42:33 Bombard Tower
42:21 Murder Holes
43:37 Ring Archer Armor
43:03 Bodkin Arrow
42:59 Arrowslits
43:27 Masonry
45:55 Bracer
52:47 Caravan
Connection lost

Rejoining the realm…

Still unreachable

The connection could not be restored.

Session expired

The server has moved on; the page needs a fresh start.